 Dungeon Crawl Stone Soup version 0.24-a0-408-gcc1054c7ca (webtiles) character file.

Game seed: 2835115819248194866

438 HAL9000 the Cutter (level 7, -5/34 HPs)
             Began as a Vine Stalker Assassin on June 4, 2019.
             Slain by an ogre
             ... wielding a +0 giant club
              (15 damage)
             ... on level 4 of the Dungeon on June 5, 2019.
             The game lasted 00:05:53 (3113 turns).

HAL9000 the Cutter (Vine Stalker Assassin)          Turns: 3113, Time: 00:05:53

Health: -5/34      AC:  4    Str: 15    XL:     7   Next: 1%
Magic:  0/8        EV: 11    Int: 12    God:
Gold:   241        SH:  0    Dex: 15    Spells: 6/6 levels left

rFire    . . .     SeeInvis .   a - +2 dagger
rCold    . . .     Gourm    .   (no shield)
rNeg     . . .     Faith    .   b - +0 robe
rPois    .         Spirit   +   (no helmet)
rElec    .         Reflect  .   c - +0 cloak
rCorr    .         Harm     +   x - +0 pair of gloves
MR       .....                  (no boots)
Stlth    +++.......             q - amulet of harm
HPRegen  0.51/turn              (no ring)
MPRegen  0.11/turn              (no ring)

@: no status effects
A: fangs 2, regeneration 1, magic shield, antimagic bite, no potion heal 3, rot
immunity
a: no special abilities


You were on level 4 of the Dungeon.
You were not hungry.

You visited 1 branch of the dungeon, and saw 4 of its levels.

You collected 241 gold pieces.

Inventory:

Hand Weapons
 a - a +2 dagger (weapon)
 y - a +0 falchion of draining
Missiles
 d - 24 poisoned darts (quivered)
Armour
 b - a +0 robe (worn)
 c - a +0 cloak (worn)
 m - a cursed +0 shield
 x - a +0 pair of gloves (worn)
Jewellery
 q - an amulet of harm (around neck)
Scrolls
 h - 3 scrolls of teleportation {unknown}
 i - a scroll of fear {unknown}
 j - 6 scrolls of identify {unknown}
 k - a scroll of magic mapping {unknown}
 n - a scroll of enchant weapon {unknown}
 o - 3 scrolls of remove curse {unknown}
 s - 3 scrolls of immolation {unknown}
 w - 2 scrolls of amnesia {unknown}
Potions
 g - a potion of invisibility {unknown}
 l - 2 potions of flight {unknown}
 p - 2 potions of brilliance {unknown}
 r - a potion of might {unknown}
 t - 2 potions of curing {unknown}
 u - a potion of resistance {unknown}
Comestibles
 f - 9 rations
 v - 4 chunks of flesh


   Skills:
 - Level 1.7 Fighting
 + Level 6.6 Short Blades
 - Level 1.7 Throwing
 - Level 0.7 Dodging
 - Level 4.8 Stealth


You had 6 spell levels left.
You didn't know any spells.
Your spell library was empty.

Dungeon Overview and Level Annotations

Branches:
Dungeon (4/15)
 Temple: D:4-7

Altars:
Cheibriados
Fedhas
Kikubaaqudgha
Nemelex Xobeh
Okawaru
Trog
Zin


Innate Abilities, Weirdness & Mutations

You have extremely sharp teeth.
Your natural rate of healing is unusually fast.
When hurt, damage is shared between your health and your magic reserves.
Your bite disrupts and absorbs the magic of your enemies.
Potions cannot restore your health.
You are immune to rotting.


Message History

The orc hits you from afar with a +0 trident.
You hit the ogre but do no damage. You bite the ogre, but do no damage.
The ogre is moderately wounded.
The ogre hits you with a +0 giant club!
The orc hits you from afar with a +0 trident.
You hit the ogre. You bite the ogre. You drain its power.
You feel invigorated.
The ogre is heavily wounded.
You hit the ogre.
The ogre is severely wounded.
The orc hits you from afar with a +0 trident!
The ogre hits you with a +0 giant club!
You barely miss the ogre.
The ogre is severely wounded.
Unknown command.
You hit the ogre. You bite the ogre. You drain its power.
You feel invigorated.
The ogre is severely wounded.
The orc hits you from afar with a +0 trident.
* * * LOW HITPOINT WARNING * * *
The ogre hits you with a +0 giant club!
You die...

#.# #.. ##.## ###
#.#.# ##.## #.# #
#o######## #.####
#{o.......
.....####O########
#...##@######
#<............
#...##..#####.
.....#####.#
#...### .# #... .#
#.. .. #.. .. #.


You could see an ogre and 2 orcs.

Vanquished Creatures
  Sigmund (D:2)
  A bullfrog (D:3)
  An orc wizard (D:3)
  4 gnolls
  5 adders
  3 worms (D:3)
  2 dart slugs (D:1)
  4 leopard geckos
  4 orcs
  3 giant cockroaches
  7 goblins
  9 hobgoblins
  12 jackals
  3 bats
  17 frilled lizards
  7 kobolds
  10 rats
93 creatures vanquished.

Notes
Turn   | Place    | Note
-------+----------+-------------------------------------------
     0 | D:1      | HAL9000 the Vine Stalker Assassin began the quest for the
                  | Orb.
     0 | D:1      | Reached XP level 1. HP: 11/11 MP: 2/2
    82 | D:1      | Reached skill level 2 in Short Blades
    87 | D:1      | Reached XP level 2. HP: 10/15 MP: 1/3
   491 | D:1      | Reached skill level 3 in Short Blades
   530 | D:1      | Reached XP level 3. HP: 15/18 MP: 4/4
   946 | D:2      | Upgraded the game from 0.24-a0-388-gb57f36d6e0 to
                  | 0.24-a0-408-gcc1054c7ca
  1106 | D:2      | Noticed Sigmund
  1108 | D:2      | Gained mutation: Your natural rate of healing is unusually
                  | fast. [Vine Stalker growth]
  1108 | D:2      | Reached XP level 4. HP: 23/23 MP: 5/5
  1250 | D:2      | Reached skill level 4 in Short Blades
  1695 | D:2      | Killed Sigmund
  1695 | D:2      | Reached skill level 5 in Short Blades
  1695 | D:2      | Reached XP level 5. HP: 16/26 MP: 3/6
  1695 | D:2      | Reached XP level 6. HP: 18/30 MP: 3/7
  1775 | D:2      | Found a glowing silver altar of Zin.
  2334 | D:3      | Found a bloodstained altar of Trog.
  2336 | D:3      | Found a blossoming altar of Fedhas.
  2338 | D:3      | Found an iron altar of Okawaru.
  2340 | D:3      | Found a sparkling altar of Nemelex Xobeh.
  2341 | D:3      | Found an ancient bone altar of Kikubaaqudgha.
  2346 | D:3      | Reached skill level 6 in Short Blades
  2497 | D:3      | Found a snail-covered altar of Cheibriados.
  2909 | D:3      | Reached XP level 7. HP: 27/34 MP: 8/8
  3113 | D:4      | Slain by an ogre

Levels and vault maps discovered:
D:1:      sevenhm_arrival_forest_fort_large_1, layout_basic, minmay_tetromino_t4
D:2:      cheibrodos_greedy_goblins, layout_basic, zin_statuary,
          minmay_lizard_pond, uniq_sigmund
D:3:      layout_rooms, grunt_temple_overflow_open, marbit_many_paths
D:4:      layout_loops_ring, kennysheep_little_box, uniq_menkaure

Skill      XL: |  1  2  3  4  5  6 |
---------------+-------------------+-----
Short Blades   | 2 3 5 6 |  6.6
Fighting       | |  1.7
Throwing       | |  1.7
Dodging        | |  0.7
Stealth        | |  4.8

Action                   |  1- 3 |  4- 6 |  7- 9 || total
-------------------------+-------+-------+-------++-------
Melee: Dagger            |    87 |   167 |    16 ||   270
       Bite              |    19 |    38 |     7 ||    64
       Falchion          |       |     4 |       ||     4
Throw: Dart              |     6 |     9 |     4 ||    19
 Stab: Sleeping          |     7 |     6 |       ||    13
  Eat: Chunk             |       |     6 |     1 ||     7
Armor: Robe              |    23 |    45 |       ||    68
Dodge: Dodged            |    53 |    85 |     6 ||   144

Table legend:
 A = Non-vault XP
 B = Vault XP
 C = Vault XP percentage of total XP
 D = Non-vault monster count
 E = Vault monster count
 F = Vault count percentage of total count
                 A         B        C        D         E       F
            +---------+---------+-------+---------+---------+-------
      Total |     373 |     253 |  40.4 |      70 |      23 |  24.7
            +---------+---------+-------+---------+---------+-------
        D:1 |      54 |       7 |  11.5 |      21 |       5 |  19.2
        D:2 |      95 |     244 |  72.0 |      24 |      17 |  41.5
        D:3 |     221 |       2 |   0.9 |      24 |       1 |   4.0
        D:4 |       3 |       0 |   0.0 |       1 |       0 |   0.0
            +---------+---------+-------+---------+---------+-------
